 Dungeon Crawl Stone Soup version 0.17-a0-2127-g1cb09f6 (webtiles) character file.

21 esc the Skirmisher (level 2, -4/33 HPs)
             Began as an Ogre Berserker on Oct 23, 2015.
             Was a Follower of Trog.
             Killed by nerve-wracking pain
             ... invoked by a shadow imp
             ... summoned by Natasha
              (10 damage)
             ... on level 2 of the Dungeon.
             The game lasted 00:02:57 (1452 turns).

esc the Skirmisher (Ogre Berserker)                 Turns: 1452, Time: 00:02:57

Health: -4/33      AC:  3    Str: 21 (24) XL:     2   Next: 83%
Magic:  2/2        EV: 10    Int:  6      God:    Trog [*.....]
Gold:   71         SH:  0    Dex:  9      Spells: 0 memorised, 1 level left

rFire  . . .     SeeInvis .     a - +0 mace
rCold  . . .     Clarity  .     b - +0 animal skin
rNeg   . . .     SustAt   .     (no shield)
rPois  .         Gourm    .     (helmet restricted)
rElec  .         Spirit   .     (no cloak)
rCorr  .         Warding  .     (gloves unavailable)
rMut   .         Stasis   .     (boots unavailable)
MR     .....                    (no amulet)
Stlth  +.........               (no ring)
                                (no ring)

@: mighty, slowed, very slow, not resistant to hostile enchantments, very
unstealthy
A: unfitting armour, horns 1, breathe flames 1, tough skin 1, weak 1
a: Berserk, Burn Spellbooks, Renounce Religion, Breathe Fire


You were on level 2 of the Dungeon.
You worshipped Trog.
Trog was aware of your devotion.
You were not hungry.

You visited 1 branch of the dungeon, and saw 2 of its levels.

You collected 71 gold pieces.

Inventory:

Hand Weapons
 a - a +0 mace (weapon)
Missiles
 l - 17 stones (quivered)
Armour
 b - a +0 animal skin (worn)
Scrolls
 e - 2 scrolls of identify
Potions
 d - a potion of haste
 k - a potion of mutation {!q}
Comestibles
 c - a bread ration {@e1}


   Skills:
 + Level 4.5 Fighting
 + Level 4.5 Maces & Flails
 + Level 2.9 Dodging


You had one spell level left.
You didn't know any spells.

Dungeon Overview and Level Annotations

Branches:
Dungeon (2/15)

Altars:
Gozag

Annotations:
D:2 Natasha


Innate Abilities, Weirdness & Mutations

You are too large for most types of armour.
You have tough skin (AC +1).
You have a pair of small horns on your head.
You can breathe flames.
You are weak. (Str -2)


Message History

Search for what [Enter for "stone", or ? for help]?
Can't find anything matching that.
You see here 13 sling bullets.
A goblin comes into view.
The goblin shouts!
The goblin hits you.
You take 1 damage, and have 32/33 hp.
You hit the goblin.
You kill the goblin!
Trog accepts your kill.
No target in view!
No target in view! (m)acro, (M)acro raw, keymap [(k) default, (x) level-map, (t)argeting, (c)onfirm, m(e)nu], (s)ave?
Input targeting keymap trigger key: \{27} Input targeting keymap action:
Okay, then. (m)acro, (M)acro raw, keymap [(k) default, (x) level-map, (t)argeting, (c)onfirm, m(e)nu], (s)ave?
Input level-map keymap trigger key: \{27} Input level-map keymap action:
Okay, then.
You see here a goblin corpse.
You butcher the goblin corpse.
f - 2 chunks of flesh {@w0} (gained 1)
Found a stone staircase leading down.
Health restored: 33 Some of the chunks of flesh in your inventory have rotted away.
e - 3 scrolls labeled TYEWIU PIDAMN (gained 1)
m - a fizzy green potion You open the door.
Found an opulent altar of Gozag.
There is an open door here.
Eating a chunk of flesh {@w0}.
You continue eating. x2
There is an open door here.
Natasha, Servant of Life and Death comes into view.
Natasha hisses angrily.
Natasha stares at you and mumbles some strange words.
You feel yourself slow down.
Natasha casts a spell.
Natasha closely misses you.
You barely miss Natasha. Natasha closely misses you.
The shadow imp shouts, "Quit, thou pecksniffian fly-bitten boar-pig!"
You hit Natasha. Natasha claws you! The shadow imp gestures at you.
Pain shoots through your body! Natasha barely misses you.
You take 13 damage, and have 20/33 hp.
MASSIVE DAMAGE!!
Drink which item? (? for menu, Esc to quit)
Okay, then.
Read which item? (? for menu, Esc to quit)
As you read the scroll labeled RYRI EPEUF, it crumbles to dust.
You feel blessed for a moment.
It was a scroll of remove curse.
The shadow imp misses you. Natasha barely misses you. The shadow imp hits you.
Natasha claws you.
You take 8 damage, and have 12/33 hp.
MASSIVE DAMAGE!!
Read which item? (? for menu, Esc to quit)
As you read the scroll labeled TYEWIU PIDAMN, it crumbles to dust.
It is a scroll of identify.
Identify which item? (\ to view known items) (? for menu, Esc to quit)
d - a potion of haste The shadow imp closely misses you.
Natasha claws you but does no damage.
Read which item? (? for menu, Esc to quit)
As you read the scroll labeled ZOMIAWN HORISU, it crumbles to dust.
It is a scroll of recharging.
You aren't carrying any rechargeable items.
The shadow imp closely misses you. Natasha misses you.
The shadow imp misses you. Natasha closely misses you.
Read which item? (? for menu, Esc to quit)
Okay, then.
Drink which item? (? for menu, Esc to quit)
It was a potion of degeneration.
There was something very wrong with that liquid.
You feel weakened. The shadow imp misses you. Natasha closely misses you.
Drink which item? (? for menu, Esc to quit)
It was a potion of mutation.
You feel extremely strange.
Your throat feels hot.
A pair of horns grows on your head!
You feel weaker. The shadow imp hits you.
* * * LOW HITPOINT WARNING * * *
Natasha casts a spell at you. You resist with significant effort.
The shadow imp shouts, "Scamper away, thou ducking unchin-snouted deadneck!"
The shadow imp barely misses you. Natasha claws you!
* * * LOW HITPOINT WARNING * * *
You take 11 damage, and have 1/33 hp.
MASSIVE DAMAGE!!
Drink which item? (? for menu, Esc to quit)
It was a potion of curing.
You feel better. The shadow imp hits you.
* * * LOW HITPOINT WARNING * * *
Natasha stares at you and mumbles some strange words.
You feel as though you will be slow longer.
You regained 5 hp, and now have 6/33 hp.
Drink which item? (? for menu, Esc to quit)
It was a potion of might.
You feel very mighty all of a sudden. The shadow imp gestures at you.
Pain shoots through your body!
You die...

# # #.
..# # #.
...# #
#.#...#
###
.....#
....
#.#..
.....
#...
.....
#5h#
###.#
##.@# #
#.#
#..##
###.#
#..#
###.####
##.##
###....#
#..# #
#.##.#
##.##
###.##.#
#..#
....##.#
#..#
##.###.#
#..#


You could see Natasha and a shadow imp.

Vanquished Creatures
  A giant cockroach (D:1)
  3 hobgoblins (D:1)
  4 bats (D:1)
  3 giant newts (D:1)
  6 goblins
  4 kobolds
  A rat (D:1)
22 creatures vanquished.

Vanquished Creatures (others)
  4 toadstools (D:1)
4 creatures vanquished.

Grand Total: 26 creatures vanquished

Notes
Turn   | Place    | Note
--------------------------------------------------------------
     0 | D:1      | esc the Ogre Berserker began the quest for the Orb.
     0 | D:1      | Reached XP level 1. HP: 24/24 MP: 1/1
   321 | D:1      | Reached XP level 2. HP: 30/33 MP: 2/2
  1389 | D:2      | Found an opulent altar of Gozag.
  1440 | D:2      | Noticed Natasha
  1450 | D:2      | Gained mutation: You can breathe flames. [potion of mutation]
  1450 | D:2      | Gained mutation: You have a pair of small horns on your head. [potion of mutation]
  1450 | D:2      | Gained mutation: You are weak. (Str -2) [potion of mutation]
  1450 | D:2      | HP: 8/33 [shadow imp[Natasha] (5)]
  1450 | D:2      | HP: 1/33 [Natasha (7)]
  1452 | D:2      | Killed from afar by a shadow imp

Vault maps used:
D:1:      ldierk_walled_garden_2
D:2:      lemuel_doored_altar, minitemple, uniq_natasha

Action                   || total
-------------------------++-------
Melee: Mace              ||    56
  Use: Potion            ||     4
       Scroll            ||     3
  Eat: Chunk             ||     2

Vault maps used:
D:1:      ldierk_walled_garden_2
D:2:      lemuel_doored_altar, minitemple, uniq_natasha

Table legend:
 A = Turns spent in this place as a percentage of turns spent in the entire game.
 B = Non-inter-level travel turns spent in this place as a percentage of non-inter-level travel turns spent in the entire game.
 C = Inter-level travel turns spent in this place as a percentage of turns spent in this place.
 D = Turns resting spent in this place as a percentage of non-inter-level travel turns spent in this place.
 E = Turns spent auto-exploring this place as a percentage of non-inter-level travel turns spent in this place.
 F = Non-inter-level travel turns spent in this place divided by the number of levels of this place that you've seen.
                   A       B       C       D       E      F
               +-------+-------+-------+-------+-------+----------------------
         Total | 100.0 | 100.0 |   1.3 |   1.3 |  11.7 | 150.0
       Dungeon | 100.0 | 100.0 |   1.3 |   1.3 |  11.7 | 150.0
               +-------+-------+-------+-------+-------+----------------------

Table legend:
 A = Kills in this place as a percentage of kills in entire the game.
 B = Kills by you in this place as a percentage of kills by you in the entire game.
 C = Kills by friends in this place as a percentage of kills by friends in the entire game.
 D = Other kills in this place as a percentage of other kills in the entire game.
 E = Experience gained in this place as a percentage of experience gained in the entire game.
 F = Experience gained in this place divided by the number of levels of this place that you have seen.
                   A       B       C       D       E      F
               +-------+-------+-------+-------+-------+----------------------
         Total | 100.0 | 100.0 |  -nan |  -nan | 100.0 |  15.0
       Dungeon | 100.0 | 100.0 |  -nan |  -nan | 100.0 |  15.0
               +-------+-------+-------+-------+-------+----------------------
